 Dungeon Crawl Stone Soup version 0.27-b1-42-g19c61b19a5 (webtiles) character file.

Game seed: 9545604584617949033

215 DildoBatman the Conjurer (level 6, -1/43 HPs)
             Began as a Formicid Conjurer on July 30, 2021.
             Slain by a hound (3 damage)
             ... on level 5 of the Dungeon.
             The game lasted 00:08:51 (2625 turns).

DildoBatman the Conjurer (Formicid Conjurer)        Turns: 2625, Time: 00:08:51

Health: -1/43      AC:  4    Str: 11    XL:     6   Next: 15%
Magic:  9/9        EV: 12    Int: 18    God:
Gold:   100        SH:  0    Dex: 11    Spells: 7/10 levels left

rFire    . . .     SeeInvis +   b - +1 short sword (freeze)
rCold    . . .     Faith    .   (no shield)
rNeg     . . .     Spirit   .   u - +0 robe
rPois    .         Reflect  .   (helmet unavailable)
rElec    .         Harm     .   (no cloak)
rCorr    .         Rampage  .   i - +0 pair of gloves
Will     .....                  l - +0 pair of boots
Stlth    ++........             (no amulet)
HPRegen  0.14/turn              (no ring)
MPRegen  0.11/turn              (no ring)

@: no status effects
A: permanent stasis, dig shafts and tunnels, antennae 3, four strong arms
a: Dig, Shaft Self


You were on level 5 of the Dungeon.
You visited 2 branches of the dungeon, and saw 6 of its levels.

You collected 100 gold pieces.

Inventory:

Hand Weapons
 a - a +0 shortbow
 b - a +1 short sword of freezing (weapon)
 d - a +1 whip of flaming
Missiles
 f - 4 javelins
 q - 10 sling bullets
 s - 85 stones
 t - 15 arrows
Armour
 i - a +0 pair of gloves (worn)
 k - a +0 kite shield
 l - a +0 pair of boots (worn)
 u - a +0 robe (worn)
Wands
 p - a wand of acid (4)
Scrolls
 c - 5 scrolls of identify
 g - a scroll of teleportation
 o - a scroll of blinking
Potions
 h - a potion of heal wounds {unknown}
 j - 2 potions of degeneration {unknown}
 m - a potion of brilliance {unknown}
 n - a potion of lignification {unknown}
 r - a potion of flight {unknown}


   Skills:
 * Level 1.1 Fighting
 * Level 1.1 Armour
 - Level 1.7 Dodging
 - Level 2.4 Stealth
 * Level 2.5 Spellcasting
 - Level 6.0 Conjurations


You had 7 spell levels left.
You knew the following spells:

 Your Spells              Type           Power      Damage    Failure   Level
a - Searing Ray           Conj           46%        3d4       2%          2
c - Magic Dart            Conj           92%        1d7       1%          1

Your spell library contained the following spells:

 Spells                   Type           Power      Damage    Failure   Level
 Dazzling Flash           Conj/Hex       26%        N/A       16%         3
 Animate Skeleton         Necr           4%         N/A       17%         1
 Apportation              Tloc           4%         N/A       17%         1
 Corona                   Hex            2%         N/A       17%         1
 Summon Small Mammal      Summ           8%         N/A       17%         1
 Fulminant Prism          Conj/Hex       6%         3d7       45%         4
 Iskenderun's Mystic Bla  Conj/Tloc      13%        2d5       45%         4


Dungeon Overview and Level Annotations

Branches:
Dungeon (5/15)             Temple (1/1) D:4

Altars:
Ashenzari
Elyvilon
Fedhas
Gozag
Makhleb
Nemelex Xobeh
Qazlal
Ru
Sif Muna
Trog
Vehumet
Wu Jian
Xom
Yredelemnul

Shops:
D:2 (   D:5 ?

Annotations:
D:1 exclusion: eye of devastation
D:3 exclusion: gnoll
D:4 exclusions: kobold, kobold brigand and sensed monster (detected), Dowan, Duvessa, Edmund, Ijyb


Innate Abilities, Weirdness & Mutations

You cannot be hasted, slowed, berserked, paralysed or teleported.
You can dig through walls and to a lower floor.
You have a pair of large antennae on your head. (SInv)
Your four strong arms can wield two-handed weapons with a shield.


Message History

You dig through the rock wall.
The hound bites you.
You dig through the rock wall.
The hound bites you but does no damage.
You dig through the rock wall.
The hound bites you.
You retract your mandibles.
You barely miss the howler monkey skeleton.
The hound bites you. The howler monkey skeleton hits you.
You extend your mandibles.
You dig through the rock wall.
The hound misses you.
The howler monkey skeleton hits you but does no damage.
You dig through the rock wall.
The howler monkey skeleton barely misses you.
The hound closely misses you.
You retract your mandibles.
The hound bites you. The hound bites you. The hound barely misses you.
The hound bites you. The hound barely misses you.
Found a scroll of identify.
The hound misses you. The hound barely misses you. The hound barely misses you.
The hound bites you but does no damage. The hound closely misses you.
The hound bites you. The hound misses you. The hound barely misses you.
The hound bites you. The hound bites you.
Found an escape hatch in the floor.
The hound misses you. The hound misses you. The hound barely misses you.
The hound bites you.
You die...

### #.# ##>##
#...#####
#.@.....###########
#..h...J.....##...#
##.######.....Z....
### #######....
#.... #.... #.....
#..... #.....


You could see a hound and a jelly.

Vanquished Creatures
  A centaur (D:4)
  A water moccasin skeleton (D:4)
  A centaur skeleton (D:4)
  2 adders
  2 worms (D:2)
  An endoplasm (D:1)
  5 goblins
  6 hobgoblins
  2 quokkas (D:1)
  5 ball pythons
  7 bats
  A frilled lizard (D:1)
  4 kobolds
  2 rats (D:1)
40 creatures vanquished.

Notes
Turn   | Place    | Note
-------+----------+-------------------------------------------
     0 | D:1      | DildoBatman the Formicid Conjurer began the quest for the
                  | Orb.
     0 | D:1      | Reached XP level 1. HP: 13/13 MP: 3/3
   297 | D:1      | Reached XP level 2. HP: 18/19 MP: 0/5
   300 | D:1      | Learned a level 2 spell: Searing Ray
   405 | D:1      | Reached skill level 4 in Conjurations
   602 | D:1      | Found a faded altar of an unknown god.
   604 | D:1      | Noticed a great orb of eyes
   604 | D:1      | Noticed a golden eye
   606 | D:1      | Noticed an eye of devastation
   606 | D:1      | Noticed a golden eye
   834 | D:2      | Reached XP level 3. HP: 24/24 MP: 4/6
  1184 | D:2      | Found Jogapn's Weapon Shoppe.
  1689 | D:4      | Reached XP level 4. HP: 30/30 MP: 1/7
  1775 | D:4      | Noticed Dowan
  1808 | D:4      | Reached skill level 5 in Conjurations
  1808 | D:4      | Reached XP level 5. HP: 30/35 MP: 2/8
  1912 | D:4      | Noticed Edmund
  1926 | D:4      | Found a sparkling altar of Nemelex Xobeh.
  1938 | D:4      | Noticed a kobold brigand
  2024 | D:4      | Noticed a centaur
  2030 | D:4      | Killed a centaur
  2031 | D:4      | Reached skill level 6 in Conjurations
  2102 | D:4      | Reached skill level 1 in Fighting
  2102 | D:4      | Reached skill level 1 in Armour
  2102 | D:4      | Reached XP level 6. HP: 38/43 MP: 1/9
  2170 | D:4      | Noticed Ijyb
  2176 | D:4      | Noticed Duvessa
  2340 | D:4      | Found a staircase to the Ecumenical Temple.
  2347 | Temple   | Entered the Ecumenical Temple
  2488 | D:5      | Entered Level 5 of the Dungeon
  2544 | D:5      | Found Noar's Magic Scroll Emporium.
  2618 | D:5      | HP: 1/43 [hound (5)]
  2625 | D:5      | Slain by a hound

Illustrated notes

Levels and vault maps discovered:
D:1:      dpeg_arrival_water_temple_mockup, layout_basic,
          hellmonk_ecumenical_altar_watching_god, minmay_tetromino_s4
D:2:      layout_rooms, serial_shops, shop
D:3:      layout_loops_cross, serial_shops, nicolae_square_shop
D:4:      layout_cave_pools, mainiacjoe_overflow_tiny_flanked, temple_green,
          wad_floor_pattern_untrapped, uniq_duvessa, uniq_ijyb, uniq_edmund
D:5:      layout_cave_pods, nzn_hepliaklqana_mist_gate, serial_shops,
          nicolae_shop_behind_doors
Temple:   cyrus_circular_temple

Skill      XL: |  1  2  3  4  5 |
---------------+----------------+-----
Conjurations   | 4 5 6 |  6.0
Fighting       | 1 |  1.1
Armour         | 1 |  1.1
Dodging        | |  1.7
Stealth        | |  2.4
Spellcasting   | |  2.5

Action                   |  1- 3 |  4- 6 || total
-------------------------+-------+-------++-------
Melee: Short sword       |     2 |     2 ||     4
       Whip              |     8 |     6 ||    14
       Shortbow          |       |     1 ||     1
 Cast: Magic Dart        |    36 |    13 ||    49
       Searing Ray       |     5 |     5 ||    10
 Abil: Dig               |     2 |     9 ||    11
  Use: Scroll            |       |     4 ||     4
 Stab: Sleeping          |     4 |       ||     4
Armor: Robe              |     8 |    18 ||    26
Dodge: Dodged            |    14 |    63 ||    77
